 Dungeon Crawl Stone Soup version 0.24.0-125-gc4c63601f3 (webtiles) character file.

Game seed: 2749658695428209329, levelgen mode: deterministic

1 Descartes the Skirmisher (level 1, 0/10 HPs)
             Began as a Felid Wanderer on Mar 6, 2020.
             Slain by a goblin (3 damage)
             ... on level 1 of the Dungeon.
             The game lasted 00:00:39 (208 turns).

Descartes the Skirmisher (Felid Wanderer)            Turns: 208, Time: 00:00:39

Health: 0/10       AC:  1    Str:  8    XL:     1   Next: 16%
Magic:  3/3        EV: 15    Int: 13    God:
Gold:   11         SH:  0    Dex: 15    Spells: 1/2 levels left
                                        Lives:  0   Deaths: 0

rFire    . . .     SeeInvis +     - Unarmed
rCold    . . .     Gourm    .   (shield unavailable)
rNeg     . . .     Faith    .   (armour unavailable)
rPois    .         Spirit   .   (helmet unavailable)
rElec    .         Reflect  .   (cloak unavailable)
rCorr    .         Harm     .   (gloves unavailable)
MR       .....                  (boots unavailable)
Stlth    +++.......             (no amulet)
HPRegen  0.03/turn              (no ring)
MPRegen  0.08/turn              (no ring)

@: quick
A: very small, no armour, no weapons or thrown items, stealth, claws 1, fangs 3,
see invisible, carnivore, speed 1, shaggy fur 1, slow metabolism 1, sharp paws
a: no special abilities


You were on level 1 of the Dungeon.
You were not hungry.

You visited 1 branch of the dungeon, and saw 1 of its levels.

You collected 11 gold pieces.

Inventory:

Scrolls
 b - a scroll of blinking
Potions
 a - a potion of heal wounds
Comestibles
 f - a ration


   Skills:
 + Level 3.0 Fighting
 + Level 0.0 Dodging
 * Level 2.7 Stealth
 * Level 2.0 Unarmed Combat
 + Level 1.0 Spellcasting
 + Level 1.1 Transmutations
   Level 1.0 Earth Magic


You had one spell level left.
You knew the following spells:

 Your Spells              Type           Power        Failure   Level  Hunger
a - Beastly Appendage     Tmut           #.....       19%         1    ##.....

Your spell library contained the following spells:

 Spells                   Type           Power        Failure   Level  Hunger
 Ensorcelled Hibernation  Hex/Ice        #.....       38%         2    ###....
 Throw Frost              Conj/Ice       #.....       38%         2    ###....
 Spider Form              Tmut/Pois      #.........   56%         3    ####...


Dungeon Overview and Level Annotations

Branches:
Dungeon (1/15)

Altars:


Innate Abilities, Weirdness & Mutations

You cannot wear armour.
You are incapable of wielding weapons or throwing items.
Your paws allow you to move quietly. (Stealth)
You have sharp claws.
You have razor-sharp teeth.
You have supernaturally acute eyesight. (SInv)
You are carnivorous and can eat meat at any time.
You cover ground quickly.
You are covered in fur. (AC +1)
You have a slow metabolism.
Your sharp claws are effective at attacking unaware monsters.


Message History

You barely miss the kobold. You barely miss the kobold. The goblin hits you.
The kobold closely misses you.
You scratch the kobold.
The kobold is severely wounded.
The kobold barely misses you. The goblin hits you.
You are too injured to fight recklessly!
You are too injured to fight recklessly!
You barely miss the goblin. The goblin closely misses you.
The kobold barely misses you.
You closely miss the goblin. The kobold hits you but does no damage.
The goblin misses you. The goblin barely misses you.
You scratch the goblin.
The goblin is moderately wounded.
The kobold misses you. The goblin hits you.
* * * LOW HITPOINT WARNING * * *
The goblin closely misses you.
You closely miss the goblin.
The goblin is moderately wounded.
The goblin hits you.
You die...

#..##..#### ##
#.รท##### #
#####..### #
..........#
..........#
..........#
..........#########
........%..........
#######....@.......
####Kgg......
##.##..... ...
?.... .... .##.
...... # ......
....(..


You could see 2 goblins and a kobold.

Vanquished Creatures
  2 bats (D:1)
2 creatures vanquished.

Notes
Turn   | Place    | Note
-------+----------+-------------------------------------------
     0 | D:1      | Descartes the Felid Wanderer began the quest for the Orb.
     0 | D:1      | Descartes set off with the following items: a potion of
                  | heal wounds, a scroll of blinking, a ration; and the
                  | following spell memorised: Beastly Appendage; and the
                  | following spells available to memorise: Ensorcelled
                  | Hibernation, Throw Frost, Spider Form
     0 | D:1      | Reached XP level 1. HP: 10/10 MP: 3/3
   208 | D:1      | Slain by a goblin

Levels and vault maps discovered:
D:1:      dpeg_cavernosity, layout_rooms, amethyst_killhole,
          grunt_decor_arrowhead

Action                   || total
-------------------------++-------
Melee: Unarmed           ||    15
       Punch             ||     1
  Eat: Chunk             ||     1
Armor: Skin              ||     4
Dodge: Dodged            ||    20
